Map: Oxide LE

Players

Nina

  • Race: Protoss Protoss

Neeb - Winner!

  • Race: Protoss Protoss

Event: DreamHack SC2 Masters 2021 Winter

VOD

Have the link to the VOD?

Description

Time

  • Played on: Oct. 16, 2021, 3:17 p.m.
  • Length: 14:06

All games in this series

Show
View Real Time Build Order
Export as new Build Order

Nina Protoss 

Build Orders:  

Get SALT Encoding   

  12  0:00  Probe  
  13  0:12  Probe  
  14  0:19  Pylon  
  14  0:24  Probe  
  15  0:37  Probe (Chrono Boost)  
  15  0:39  Gateway  
  16  0:48  Probe (Chrono Boost)  
  17  0:50  Assimilator  
  17  0:53  Probe (Chrono Boost)  
  18  1:03  Probe  
  19  1:15  Probe  
  20  1:21  Pylon  
  20  1:27  Zealot, Probe  
  20  1:29  Cybernetics Core  
  24  1:40  Probe  
  24  1:52  Probe  
  25  1:56  Nexus  
  25  2:02  Stalker (Chrono Boost)  
  25  2:06  Probe  
  28  2:11  Warp Gate  
  28  2:16  Assimilator  
  28  2:19  Probe  
  29  2:26  Pylon  
  29  2:34  Gateway  
  30  2:44  Shield Battery  
  29  2:53  Gateway  
  29  3:01  Gateway  
  29  3:06  Stalker (Chrono Boost)  
  31  3:16  Shield Battery  
  31  3:22  Probe  
  31  3:26  Probe  
  33  3:34  Probe (Chrono Boost)  
  33  3:38  Probe (Chrono Boost)  
  35  3:46  Probe (Chrono Boost)  
  35  3:47  Probe (Chrono Boost)  
  35  3:50  Probe (Chrono Boost)  
  35  3:52  Twilight Council, Probe (Chrono Boost)  
  37  3:59  Stalker  
  37  4:02  Stalker  
  41  4:05  Probe (Chrono Boost)  
  41  4:06  Probe (Chrono Boost)  
  40  4:13  Pylon  
  41  4:17  Probe (Chrono Boost)  
  41  4:18  Probe (Chrono Boost)  
  41  4:20  Stalker  
  44  4:25  Probe x2 (Chrono Boost)  
  44  4:30  Blink  
  44  4:31  Probe  
  46  4:33  Probe  
  48  4:41  Robotics Facility  
  46  4:46  Probe  
  46  4:47  Stalker, Probe  
  46  4:51  Stalker  
  52  4:57  Assimilator  
  52  5:03  Stalker  
  52  5:04  Probe  
  52  5:05  Probe, Pylon  
  56  5:12  Pylon  
  56  5:16  Probe  
  56  5:17  Probe, Forge  
  56  5:18  Sentry  
  56  5:20  Sentry  
  61  5:28  Probe  
  61  5:29  Probe  
  61  5:31  Observer (Chrono Boost)  
  61  5:32  Pylon  
  64  5:40  Probe  
  64  5:42  Probe  
  66  5:43  Pylon  
  66  5:44  Stalker  
  66  5:45  Stalker  
  70  5:52  Probe, Protoss Ground Weapons Level 1 (Chrono Boost)  
  71  5:57  Probe  
  71  5:58  Photon Cannon  
  72  6:05  Probe  
  72  6:09  Probe  
  72  6:10  Stalker x2  
  78  6:19  Probe  
  79  6:26  Nexus  
  79  6:28  Pylon  
  79  6:31  Immortal (Chrono Boost)  
  80  6:36  Photon Cannon  
  83  6:41  Sentry  
  87  6:47  Gateway  
  87  6:49  Gateway  
  85  6:55  Probe  
  85  6:57  Shield Battery  
  85  6:58  Probe  
  85  6:59  Stalker x2  
  91  7:07  Gateway, Probe  
  92  7:09  Pylon  
  92  7:10  Observer  
  92  7:11  Probe  
  94  7:19  Probe  
  94  7:22  Robotics Bay, Pylon  
  95  7:23  Probe  
  95  7:24  Assimilator  
  96  7:31  Probe  
  96  7:35  Probe  
  98  7:40  Gateway, Probe, Pylon  
  98  7:41  Photon Cannon  
  98  7:43  Probe  
  100  7:48  Probe  
  100  7:51  Stalker x3  
  105  7:54  Probe  
  105  7:55  Probe  
  105  7:58  Gateway  
  109  8:02  Probe  
  109  8:04  Pylon  
  110  8:05  Assimilator  
  110  8:06  Probe  
  110  8:09  Disruptor (Chrono Boost)  
  114  8:15  Robotics Facility  
  114  8:16  Probe  
  114  8:17  Probe  
  114  8:18  Pylon  
  114  8:19  Probe  
  117  8:20  Assimilator  
  117  8:32  Protoss Ground Weapons Level 2  
  118  8:35  Zealot x4, Disruptor (Chrono Boost)  
  118  8:39  Photon Cannon  
  126  8:51  Zealot x3  
  126  8:56  Gateway  
  126  8:58  Zealot x2  
  126  9:01  Disruptor (Chrono Boost)  
  126  9:02  Photon Cannon, Disruptor (Chrono Boost)  
  132  9:28  Stalker x3  
  132  9:29  Stalker x2, Disruptor  
  132  9:30  Zealot x2  
  149  9:32  Charge  
  149  9:36  Observer  
  150  9:39  Zealot  
  150  9:43  Pylon  
  150  9:45  Pylon  
  152  9:47  Pylon  
  152  9:54  Stalker x2  
  152  9:57  Pylon  
  156  10:03  Nexus  
  156  10:05  Pylon  
  156  10:08  Colossus (Chrono Boost)  
  161  10:15  Colossus (Chrono Boost)  
  166  10:23  Zealot x3  
  166  10:26  Templar Archives  
  154  10:50  Colossus (Chrono Boost)  
  154  10:51  Stalker x6  
  172  11:02  Zealot x2  
  172  11:03  Colossus (Chrono Boost)  
  172  11:09  Pylon  
  178  11:12  Extended Thermal Lance  
  178  11:16  Nexus  
  178  11:19  Pylon  
  178  11:20  Pylon  
  178  11:21  High Templar  
  178  11:22  High Templar  
  178  11:24  Pylon  
  182  11:26  Archon  
  182  11:30  Zealot  
  184  11:36  Warp Prism  
  184  11:37  Zealot x3  
  192  11:43  High Templar x2  
  196  11:49  Archon  
  196  11:51  Shield Battery  
  196  11:54  Photon Cannon  
  194  11:55  Photon Cannon  
  194  11:56  Stalker x2  
  191  12:03  Stalker x3  
  197  12:16  High Templar x2  
  197  12:19  Photon Cannon  
  197  12:21  Photon Cannon  
  197  12:22  Archon  
  199  12:25  Photon Cannon  
  199  12:27  Photon Cannon, Probe  
  200  12:31  Assimilator  
  200  12:32  Photon Cannon  
  177  12:44  Zealot  
  177  12:45  Zealot x3  
  164  12:53  Warp Prism  
  164  12:55  Stalker  
  164  12:56  Probe  
  164  12:58  High Templar  
  170  12:59  High Templar  
  147  13:15  Archon  
  147  13:19  Stalker  
  121  13:20  Stalker x5  
  101  13:38  Stalker x2  
  99  13:45  Stalker x4  
  99  13:46  Stalker  
Show
View Real Time Build Order
Export as new Build Order

Neeb Protoss - Winner!

Build Orders: Oracle Opening 

Get SALT Encoding   

  12  0:00  Probe  
  13  0:12  Probe  
  14  0:17  Pylon  
  14  0:24  Probe (Chrono Boost)  
  15  0:36  Probe (Chrono Boost)  
  15  0:38  Gateway  
  16  0:44  Probe (Chrono Boost)  
  16  0:46  Assimilator  
  17  0:50  Probe  
  17  0:54  Assimilator  
  18  1:03  Probe (Chrono Boost)  
  19  1:08  Gateway  
  20  1:12  Probe (Chrono Boost)  
  20  1:17  Probe (Chrono Boost)  
  21  1:26  Cybernetics Core  
  21  1:29  Probe  
  22  1:35  Pylon  
  22  1:41  Probe  
  23  1:53  Probe  
  24  2:03  Stalker x2  
  28  2:18  Pylon  
  28  2:20  Probe  
  28  2:21  Warp Gate  
  29  2:28  Stargate  
  29  2:32  Probe  
  29  2:52  Nexus  
  29  2:54  Probe  
  30  3:06  Probe  
  30  3:09  Shield Battery  
  30  3:11  Oracle (Chrono Boost)  
  34  3:20  Probe  
  35  3:28  Pylon  
  35  3:32  Probe  
  36  3:41  Oracle  
  36  3:46  Probe  
  40  3:49  Shield Battery  
  40  3:53  Twilight Council  
  40  3:58  Probe  
  41  4:07  Probe  
  42  4:10  Probe  
  43  4:19  Probe (Chrono Boost)  
  43  4:23  Blink (Chrono Boost)  
  45  4:28  Probe (Chrono Boost)  
  45  4:30  Probe (Chrono Boost)  
  46  4:35  Probe (Chrono Boost), Forge  
  46  4:36  Probe (Chrono Boost)  
  46  4:37  Sentry  
  46  4:38  Stalker  
  52  4:46  Probe  
  52  4:47  Probe, Pylon  
  52  4:51  Gateway  
  54  4:54  Gateway  
  54  4:55  Assimilator  
  54  4:58  Probe  
  54  4:59  Probe  
  56  5:07  Protoss Ground Weapons Level 1 (Chrono Boost)  
  56  5:10  Probe  
  56  5:13  Stalker  
  56  5:14  Stalker  
  61  5:25  Nexus  
  61  5:27  Pylon  
  61  5:35  Probe x2  
  63  5:38  Stalker x2  
  63  5:42  Pylon  
  67  5:45  Stalker  
  67  5:47  Probe  
  67  5:49  Stalker  
  72  5:55  Probe, Shield Battery  
  73  6:01  Stalker  
  73  6:02  Stalker  
  77  6:05  Probe  
  78  6:15  Stalker x2, Probe  
  78  6:18  Probe  
  84  6:23  Pylon  
  84  6:29  Robotics Facility  
  84  6:32  Probe  
  85  6:34  Probe  
  85  6:36  Pylon  
  85  6:39  Stalker  
  88  6:40  Stalker  
  88  6:42  Stalker  
  88  6:44  Stalker  
  88  6:46  Probe (Chrono Boost)  
  95  6:50  Probe (Chrono Boost)  
  95  6:52  Probe (Chrono Boost)  
  97  6:56  Charge  
  97  6:58  Probe (Chrono Boost)  
  97  7:00  Probe (Chrono Boost)  
  100  7:01  Probe (Chrono Boost)  
  100  7:03  Probe (Chrono Boost)  
  100  7:05  Probe (Chrono Boost)  
  100  7:06  Probe (Chrono Boost), Protoss Ground Weapons Level 2  
  103  7:12  Probe  
  104  7:16  Assimilator, Probe  
  104  7:17  Assimilator  
  104  7:21  Gateway  
  104  7:22  Gateway  
  105  7:25  Gateway  
  105  7:27  Gateway  
  105  7:28  Pylon  
  105  7:33  Immortal (Chrono Boost)  
  105  7:36  Pylon  
  109  7:39  Assimilator, Probe x3  
  109  7:41  Pylon  
  112  7:47  Pylon  
  112  7:48  Pylon  
  112  7:54  Zealot x2  
  112  7:55  Zealot x2  
  112  7:57  Stargate  
  120  8:01  Probe  
  120  8:05  Observer (Chrono Boost)  
  122  8:10  Protoss Air Weapons Level 1 (Chrono Boost)  
  122  8:14  Nexus  
  122  8:15  Pylon  
  122  8:17  Phoenix  
  122  8:18  Probe x3  
  127  8:24  Templar Archives  
  127  8:30  Probe  
  127  8:32  Zealot x7  
  141  8:37  Probe  
  142  8:44  Nexus  
  141  8:49  Probe  
  141  8:52  Phoenix  
  141  8:53  Phoenix  
  141  8:54  Probe  
  141  8:55  Probe  
  147  9:01  Pylon  
  147  9:03  Assimilator  
  147  9:05  Assimilator  
  147  9:09  Fleet Beacon  
  145  9:19  Probe  
  145  9:23  Phoenix x2 (Chrono Boost)  
  148  9:25  Probe x2  
  148  9:31  Photon Cannon, Probe  
  151  9:32  Photon Cannon  
  151  9:33  Photon Cannon  
  151  9:36  Photon Cannon  
  151  9:37  Phoenix (Chrono Boost)  
  151  9:38  High Templar x4  
  155  9:39  Probe  
  155  9:40  Probe  
  155  9:43  Archon  
  161  9:47  Phoenix x2 (Chrono Boost)  
  165  9:54  Photon Cannon  
  165  9:57  Anion Pulse-Crystals (Chrono Boost), Archon  
  165  10:04  Protoss Air Weapons Level 2 (Chrono Boost)  
  165  10:07  Zealot x4  
  173  10:14  Phoenix  
  173  10:30  Phoenix  
  175  10:35  Zealot x2  
  175  10:39  Pylon  
  175  10:40  Pylon  
  177  10:43  Pylon  
  177  10:46  Phoenix (Chrono Boost)  
  171  10:55  Phoenix (Chrono Boost)  
  173  11:01  Protoss Ground Weapons Level 3 (Chrono Boost)  
  173  11:02  Zealot x8  
  175  11:15  Phoenix x2 (Chrono Boost)  
  179  11:24  Gateway x2  
  179  11:25  Nexus  
  179  11:26  High Templar x3  
  179  11:27  Zealot x4, High Templar  
  179  11:28  Gateway  
  179  11:30  Gateway  
  179  11:32  Archon  
  195  11:36  Phoenix x2 (Chrono Boost)  
  197  11:52  Zealot, High Templar  
  199  12:01  Archon  
  199  12:06  Pylon  
  199  12:08  Pylon  
  199  12:12  High Templar  
  199  12:17  Dark Shrine  
  199  12:20  Archon  
  199  12:26  Photon Cannon  
  199  12:29  Assimilator x2  
  199  12:33  Photon Cannon  
  199  12:34  Photon Cannon  
  199  12:37  Shield Battery  
  161  12:48  Zealot x4  
  161  12:49  Zealot x4, Phoenix  
  161  12:50  Phoenix  
  161  13:00  Observer (Chrono Boost)  
  159  13:09  Stalker x8  
  159  13:10  Stalker, Zealot  
  159  13:11  Zealot x2  
  145  13:13  Immortal (Chrono Boost)  
  145  13:14  Phoenix  
  135  13:20  Phoenix  
  131  13:31  Stalker  
  131  13:33  Stalker x7  
  131  13:34  Zealot x2  

Tags
 
Add a new tag
Caveats
  • Supply blocks, unpowered buildings, or Contaminate may cause inaccurate times.
  • Supply counts are checked every 10 seconds.